Map: King's Cove LE

Players

Mez - Winner!

  • Race: Terran Terran
  • League: Master
  • Spawn Location: 5:00

notellhehe

  • Race: Protoss Protoss
  • Spawn Location: 11:00

VOD

Have the link to the VOD?

Description

Time

  • Played on: July 28, 2019, 9:55 p.m.
  • Length: 10:35
Show
View Real Time Build Order
Export as new Build Order

Mez Terran - Winner!

Build Orders: Reaper Expand 

Get SALT Encoding   

  12  0:01  SCV  
  13  0:13  SCV  
  14  0:18  Supply Depot  
  14  0:25  SCV  
  15  0:39  SCV  
  15  0:42  Barracks  
  16  0:48  Refinery  
  16  0:52  SCV  
  17  1:04  SCV  
  18  1:16  SCV  
  19  1:30  Orbital Command  
  19  1:32  Reaper  
  20  1:54  Command Center  
  20  1:57  SCV  
  21  2:03  Barracks  
  21  2:06  Barracks Reactor  
  21  2:11  SCV  
  22  2:16  Barracks  
  22  2:25  SCV  
  22  2:28  Supply Depot  
  23  2:50  SCV, Marine x2  
  26  2:52  Barracks Tech Lab  
  26  3:02  SCV  
  27  3:06  Marine  
  27  3:07  Marine x2  
  29  3:14  Concussive Shells  
  29  3:15  Marauder  
  31  3:21  SCV  
  31  3:22  Orbital Command  
  31  3:24  Marine  
  31  3:26  Marine  
  34  3:29  Supply Depot  
  34  3:33  Marine  
  35  3:35  SCV  
  36  3:42  Marauder  
  36  3:45  Marine x2  
  36  3:47  SCV  
  41  3:51  Marine  
  41  3:52  SCV  
  43  3:58  Supply Depot  
  43  3:59  SCV  
  44  4:04  SCV  
  44  4:05  Marine x3  
  48  4:13  SCV  
  49  4:17  SCV  
  49  4:22  Factory, Refinery  
  49  4:23  Engineering Bay  
  50  4:25  Supply Depot  
  50  4:26  SCV  
  50  4:27  Marine  
  50  4:28  Marine  
  53  4:32  SCV  
  53  4:35  Stimpack  
  54  4:40  SCV  
  55  4:46  Refinery  
  55  4:50  Marine x2  
  55  4:51  Barracks Tech Lab  
  54  5:08  SCV x2  
  54  5:11  Starport, Factory Reactor  
  50  5:21  Marine x2, Marauder  
  50  5:22  Marauder  
  50  5:25  SCV x2  
  50  5:28  Command Center  
  53  5:37  SCV x2  
  53  5:38  Missile Turret  
  53  5:39  Marine  
  53  5:40  Terran Infantry Weapons Level 1  
  56  5:46  Missile Turret  
  56  5:49  SCV x2  
  57  5:55  Marine x2  
  59  5:57  Medivac  
  59  5:58  Medivac  
  59  6:01  SCV x2  
  64  6:09  Marine, Marauder  
  66  6:13  SCV x2, Marine  
  66  6:14  Supply Depot  
  68  6:19  Combat Shield  
  68  6:25  SCV  
  68  6:32  Supply Depot  
  68  6:35  Medivac  
  70  6:49  Missile Turret  
  70  6:54  SCV x2  
  70  6:57  Marine x2  
  70  6:58  Marauder x2  
  78  7:02  Supply Depot  
  78  7:06  SCV x2  
  80  7:18  SCV x2  
  82  7:24  Marauder  
  82  7:25  Marauder  
  82  7:29  Orbital Command  
  90  7:30  SCV  
  90  7:34  Marine x2  
  90  7:36  Missile Turret  
  93  7:38  Medivac x2  
  93  7:42  SCV  
  93  7:43  SCV, Barracks x2  
  92  7:55  SCV  
  92  7:56  SCV x2  
  95  7:58  Marine x2  
  95  7:59  Marauder x2  
  95  8:01  Terran Infantry Armor Level 1  
  95  8:05  Engineering Bay, Armory  
  101  8:13  Supply Depot  
  101  8:15  Supply Depot  
  101  8:17  Supply Depot  
  101  8:28  SCV x3, Marine x2, Marauder  
  101  8:31  Barracks Reactor  
  101  8:32  Refinery, Barracks Tech Lab  
  108  8:35  Marauder  
  108  8:40  SCV  
  111  8:43  SCV x2  
  113  8:50  Marauder  
  113  8:54  Marine x2, Marauder  
  119  8:57  Marauder  
  119  8:59  Supply Depot  
  119  9:00  SCV x3, Command Center  
  119  9:01  Supply Depot  
  124  9:03  Refinery, Supply Depot  
  124  9:09  Marine x2  
  126  9:11  Marine, Marauder  
  126  9:12  SCV  
  126  9:15  Marauder  
  132  9:26  Marine, Marauder  
  132  9:27  Marine  
  136  9:33  Marauder  
  128  9:42  Marine x2, Marauder  
  128  9:43  Marine  
  131  9:47  Barracks, Marauder  
  131  9:48  Barracks  
  131  9:49  Barracks  
  131  9:54  Marauder  
  125  10:11  Marine  
  125  10:12  Marine x2, Marauder x2  
  125  10:13  Marine  
  125  10:14  SCV x3  
Show
View Real Time Build Order
Export as new Build Order

notellhehe Protoss 

Build Orders: 1 Gate Expand, Colossus Rush 

Get SALT Encoding   

  12  0:02  Probe  
  13  0:14  Probe  
  13  0:18  Pylon  
  14  0:25  Probe  
  15  0:33  Probe  
  15  0:38  Gateway  
  15  0:42  Probe  
  16  0:47  Assimilator  
  17  0:55  Probe  
  18  1:07  Probe  
  19  1:19  Probe  
  20  1:30  Cybernetics Core  
  20  1:31  Probe  
  21  1:39  Nexus  
  21  1:48  Pylon  
  21  1:53  Probe  
  22  1:56  Adept  
  22  2:02  Assimilator  
  22  2:05  Probe  
  22  2:08  Warp Gate  
  25  2:17  Stalker  
  25  2:20  Probe  
  28  2:32  Probe  
  28  2:46  Stalker, Probe, Robotics Facility  
  31  2:54  Probe  
  33  2:58  Probe  
  33  3:06  Probe  
  33  3:10  Probe  
  35  3:18  Probe  
  34  3:22  Probe  
  34  3:24  Gateway  
  34  3:26  Gateway  
  35  3:30  Probe  
  35  3:34  Probe  
  36  3:42  Observer  
  36  3:43  Probe  
  36  3:45  Pylon  
  36  3:46  Probe  
  36  3:47  Assimilator  
  38  3:55  Probe  
  40  3:59  Probe  
  41  4:05  Pylon  
  41  4:06  Robotics Bay  
  41  4:07  Probe  
  41  4:08  Sentry  
  44  4:11  Probe  
  45  4:19  Probe  
  45  4:23  Probe  
  47  4:26  Stalker x2  
  47  4:27  Observer  
  47  4:30  Shield Battery x2  
  47  4:31  Probe  
  52  4:32  Pylon  
  52  4:35  Probe, Warp Prism  
  53  4:39  Zealot  
  53  4:43  Probe  
  56  4:47  Probe  
  57  4:55  Probe  
  57  4:59  Probe  
  57  5:01  Stalker x3  
  63  5:11  Probe x2  
  65  5:14  Assimilator  
  60  5:31  Probe x2  
  62  5:37  Stalker  
  62  5:38  Stalker  
  62  5:40  Stalker  
  68  5:46  Probe, Nexus  
  68  5:48  Probe, Pylon  
  70  5:54  Pylon  
  70  5:59  Colossus  
  70  6:08  Probe x2  
  78  6:12  Pylon  
  78  6:16  Pylon  
  78  6:20  Probe  
  79  6:31  Zealot x2  
  79  6:32  Zealot  
  85  6:36  Forge  
  85  6:40  Gateway x2  
  85  6:43  Gateway  
  85  6:45  Gateway  
  85  6:46  Gateway  
  85  6:48  Colossus  
  85  6:50  Probe x2  
  87  6:54  Protoss Ground Armor Level 1, Extended Thermal Lance  
  87  6:57  Zealot x3, Observer  
  93  7:06  Pylon  
  99  7:22  Shield Battery  
  99  7:25  Colossus  
  99  7:27  Sentry x2  
  99  7:28  Zealot  
  105  7:39  Twilight Council  
  111  7:57  Zealot x8  
  117  8:05  Probe x3, Assimilator  
  120  8:07  Assimilator  
  120  8:23  Warp Prism  
  120  8:24  Charge  
  122  8:28  Templar Archives  
  122  8:30  Zealot  
  124  8:34  Pylon  
  124  8:35  Pylon  
  124  8:59  Zealot x4  
  124  9:00  Zealot x4  
  140  9:30  Stalker x3  
  140  9:31  Stalker x4  
  140  9:35  Probe x3  
  114  9:47  Zealot, Probe x2  
  107  9:57  Zealot x6  
  107  9:58  Zealot  
  101  10:26  Zealot x3  
Tags
 
Add a new tag
Caveats
  • Supply blocks, unpowered buildings, or Contaminate may cause inaccurate times.
  • Supply counts are checked every 10 seconds.